[Event "*** Titled Tuesday 3|2 Blitz"]
[Site "Chess.com"]
[Date "2016.07.05"]
[Round "5"]
[White "FLchessplayer"]
[Black "Misha_Bilous"]
[Result "0-1"]
[WhiteElo "2051"]
[BlackElo "2249"]
[TimeControl "180+2"]
[EndTime "11:59:26 PDT"]
[Termination "Misha_Bilous won on time"]

1. d4 Nf6 2. Nf3 g6 3. g3 Bg7 4.
Bg2 O-O 5. O-O d6 6. Nc3 Nbd7 7. e4 e5 8. h3 Re8 9. Re1 exd4 10. Nxd4 Nc5 11. f3 Ne6 12. Be3 Bd7 13. Qd2 Rb8 14. Rad1 b5 15. Nxe6 Bxe6 16. b3 a6 17.
Kh2 Nd7 18. Nd5 Bxd5 19. exd5 Qf6 20. Bg5 Qc3 21. Kg1 Nb6 0-1

[Event "*** Titled Tuesday 3|2 Blitz"]
[Site "Chess.com"]
[Date "2016.07.05"]
[Round "5"]
[White "Gabrielian_Artur"]
[Black "WanderingPuppet"]
[Result "1-0"]
[WhiteElo "2489"]
[BlackElo "2287"]
[TimeControl "180+2"]
[EndTime "11:59:29 PDT"]
[Termination "Gabrielian_Artur won by resignation"]

1. e4 c5 2. Nf3 d6 3. d4 cxd4 4. Nxd4 Nf6 5. Nc3 a6 6. Bg5 e6 7. Qe2 Bd7 8. O-O-O Nc6 9. f4 Qa5 10. Nb3 Qc7 11. g4 O-O-O 12. Bg2 Kb8 13. Rhe1 Rc8 14. e5 Ne8 15. exd6 Bxd6 16. Kb1 Nf6 17. Bxf6 gxf6 18.
Qd2 Bxf4 19. Qxd7 Bxh2 20. Bxc6 Qxc6 21. Qxf7 Be5 22. Nd4 Qb6 23. Nb3 h6 24. Rd7 Rhd8 25.
Rxd8 Rxd8 26. a3 Qf2 27. Rxe5 Qg1+ 28. Ka2 fxe5 29. Qxe6 Qg3 30. Nc5 Qe3 31. Qb6 1-0

[Event "*** Titled Tuesday 3|2 Blitz"]
[Site "Chess.com"]
[Date "2016.07.05"]
[Round "5"]
[White "yopino"]
[Black "joppie2"]
[Result "1-0"]
[WhiteElo "2407"]
[BlackElo "2520"]
[TimeControl "180+2"]
[EndTime "11:59:39 PDT"]
[Termination "yopino won by resignation"]

1. e4 e5 2. Nf3 Nc6 3. d4 exd4 4. Nxd4 Bc5 5. Nxc6 Qf6 6. Qf3 dxc6 7. Nc3 Be6 8. Be3 Bb6 9. O-O-O Qxf3 10. gxf3 Ne7 11.
Rg1 Ng6 12. f4 f5 13. exf5 Bxf5 14. Bc4 Rd8 15. Rde1 Kf8 16. Rg5 Bc8 17. Reg1 Re8 18. R1g3 Re7 19. f5 Bxe3+ 20. fxe3 b5 21. Bb3 b4 22.
Ne2 Ba6 23. Nd4 c5 24. Ne6+ Rxe6 25. Bxe6 Ke7 26. fxg6 Kxe6 27. gxh7 Rxh7 28. Rg6+ 1-0

[Event "*** Titled Tuesday 3|2 Blitz"]
[Site "Chess.com"]
[Date "2016.07.05"]
[Round "5"]
[White "mwpchess"]
[Black "Blitzstream"]
[Result "1-0"]
[WhiteElo "2423"]
[BlackElo "2493"]
[TimeControl "180+2"]
[EndTime "11:59:43 PDT"]
[Termination "mwpchess won by resignation"]

1. e4 d5 2. exd5 Qxd5 3. Nc3 Qa5 4. d4 Nf6 5. Bd2 c6 6. Bc4 Bf5 7. Nf3 e6 8. Nd5 Qd8 9. Nxf6+ Qxf6 10. Qe2 Bd6 11. Bg5 Qg6 12. d5 cxd5 13. Bxd5 Nc6 14. Bxc6+ bxc6 15. Qd2 Bc7 16. Nh4 Ba5 17. Qxa5 Qxg5 18.
Nxf5 Qxf5 19. Qxf5 exf5 20. O-O-O O-O 21. Rhe1 Rfe8 22. Rxe8+ Rxe8 23. Rd6 h5 24. Kd2 g5 25.
Rxc6 Kg7 26. Ra6 Re7 27. c4 g4 28. g3 f6 29. c5 Kg6 30. b4 Rb7 31. a3 Kg5 32.
Rd6 a5 33. c6 Rb6 34. Kc3 axb4+ 35. axb4 Ra6 36. b5 Ra1 37. b6 Rb1 38. b7 f4 39. c7 Rc1+ 40. Kd2 Rxc7 41. b8=Q Rc5 42. Qg8+ Kf5 43. Rd5+ Rxd5+ 44. Qxd5+ Kg6 1-0

[Event "*** Titled Tuesday 3|2 Blitz"]
[Site "Chess.com"]
[Date "2016.07.05"]
[Round "5"]
[White "cabalista"]
[Black "Indianlad"]
[Result "1-0"]
[WhiteElo "2437"]
[BlackElo "2581"]
[TimeControl "180+2"]
[EndTime "11:59:47 PDT"]
[Termination "cabalista won by resignation"]

1. e4 c5 2. Nf3 d6 3. d4 cxd4 4. Nxd4 Nf6 5. Nc3 a6 6. Bc4 e6 7.
Bb3 b5 8. O-O Be7 9. Qf3 Qb6 10.
Be3 Qb7 11. Qg3 b4 12. Na4 Nbd7 13. f3 Ne5 14. Ne2 O-O 15. Nb6 Rb8 16. a3 a5 17.
axb4 axb4 18. Nxc8 Qxc8 19. Ra7 Rb7 20. Rfa1 Rxa7 21.
Rxa7 Ng6 22. Nf4 Bd8 23. Nxg6 hxg6 24. Qxd6 Ne8 25. Qxb4 Bc7 26. Bc5 Qd8 27. Rxc7 Nxc7 28. Bxf8 Na6 29. Qd6 Qa5 30. h3 Qe1+ 31. Kh2 Qe3 32.
Be7 Nc5 33. Qxc5 Qf4+ 34. Kh1 Qc1+ 35. Qg1 Qe3 36. Qxe3 1-0

[Event "*** Titled Tuesday 3|2 Blitz"]
[Site "Chess.com"]
[Date "2016.07.05"]
[Round "5"]
[White "evgenyermolaev"]
[Black "Er_is_geen_hoop_meer"]
[Result "0-1"]
[WhiteElo "2241"]
[BlackElo "2335"]
[TimeControl "180+2"]
[EndTime "11:59:49 PDT"]
[Termination "Er_is_geen_hoop_meer won by resignation"]

1. e4 e5 2. Nf3 Nf6 3. Nc3 d6 4.
d4 Nbd7 5. Bc4 Be7 6. O-O O-O 7. h3 c6 8. a3 b5 9. Ba2 Bb7 10. Bg5 h6 11. Bh4 a5 12. Bg3 Qc7 13. dxe5 dxe5 14. Nd2 Nc5 15. Qf3 b4 16. Ne2 Ba6 17. Rfd1 Ne6 18.
Bc4 Bb7 19. axb4 axb4 20. Rxa8 Rxa8 21. Bxe6 fxe6 22. Qb3 Kf7 23. Nf3 Ra5 24. Ned4 Bc8 25. c3 Nxe4 26. Bh2 Rd5 27. Re1 Nc5 28. Qc2 Bd6 29. cxb4 exd4 30. Bxd6 Qxd6 31. bxc5 Rxc5 32. Qe4 Rd5 33. Ne5+ Kg8 34. Nd3 Ba6 35. Nf4 Rb5 36. Nxe6 d3 37. Nd4 d2 38. Rd1 Re5 39. Qxc6 Re1+ 0-1

[Event "*** Titled Tuesday 3|2 Blitz"]
[Site "Chess.com"]
[Date "2016.07.05"]
[Round "5"]
[White "salomez"]
[Black "cool64chess"]
[Result "1-0"]
[WhiteElo "2143"]
[BlackElo "2206"]
[TimeControl "180+2"]
[EndTime "11:59:55 PDT"]
[Termination "salomez won on time"]

1. e4 e6 2. d4 d5 3. Nc3 Bb4 4. e5 c5 5. a3 Bxc3+ 6. bxc3 Qc7 7. Nf3 Ne7 8. h4 b6 9. Bb5+ Bd7 10. Bd3 Nbc6 11. h5 h6 12. Rh4 c4 13. Be2 O-O-O 14. a4 Na5 15. Ba3 Nf5 16. Rf4 f6 17. g4 fxe5 18.
dxe5 g5 19. hxg6 Ng7 20. Rf7 Rhg8 21. Be7 Be8 22. Bxd8 Qxd8 23. Rxa7 Kb8 24. Rxa5 bxa5 25. Qb1+ Ka8 26. Nd4 Bxg6 27. Qb5 Qc7 28. Nc6 1-0

[Event "*** Titled Tuesday 3|2 Blitz"]
[Site "Chess.com"]
[Date "2016.07.05"]
[Round "5"]
[White "Hieronymus00"]
[Black "ruifeng"]
[Result "0-1"]
[WhiteElo "2159"]
[BlackElo "2333"]
[TimeControl "180+2"]
[EndTime "11:59:56 PDT"]
[Termination "ruifeng won by resignation"]

1. e4 e5 2. Nf3 d6 3. d4 exd4 4. Nxd4 Nf6 5. Nc3 g6 6. Be3 Bg7 7. h3 O-O 8. Qf3 Nc6 9. Nxc6 bxc6 10. Be2 Rb8 11. Bc1 c5 12. O-O Bb7 13. Bd3 h6 14. Re1 Re8 15. Bd2 Bc6 16. b3 Nd7 17. Rad1 Ne5 18. Qg3 Nxd3 19. Qxd3 Qf6 20. Nd5 Bxd5 21. exd5 Qb2 22. a4 Kf8 23. a5 h5 24. a6 Qd4 25. Qxd4 Bxd4 26. Ba5 Rbc8 27. Rxe8+ Kxe8 28. Re1+ Kd7 29. Re4 c6 30. c4 cxd5 31. cxd5 Rb8 32. Rf4 f5 33. b4 Bc3 34. Rf3 Bxb4 35. Bxb4 cxb4 36. Rb3 Kc7 37. f3 Rb5 38. g4 hxg4 39. hxg4 Kb6 40. Kf2 Kc5 41. Ke3 Kxd5 42. Kf4 Kc4 43.
Rb1 b3 0-1

[Event "*** Titled Tuesday 3|2 Blitz"]
[Site "Chess.com"]
[Date "2016.07.05"]
[Round "5"]
[White "ftorodent"]
[Black "amaidel"]
[Result "1-0"]
[WhiteElo "2407"]
[BlackElo "2442"]
[TimeControl "180+2"]
[EndTime "11:59:58 PDT"]
[Termination "ftorodent won by resignation"]

1. d4 d5 2. c4 c6 3. Nf3 Nf6 4. Nc3 dxc4 5. a4 Bf5 6. Ne5 Nbd7 7. Nxc4 Nb6 8. Ne5 a5 9. e3 e6 10. g4 Bg6 11. h4 Ne4 12. h5 Qf6 13. Nxe4 Bxe4 14. f3 Bb4+ 15. Bd2 Bxd2+ 16. Kxd2 O-O-O 17. fxe4 Qxe5 18. Bd3 Qd6 19. Qb3 Nd7 20. e5 Qc7 21.
Ke2 f6 22. exf6 Nxf6 23. Qxe6+ Kb8 24. g5 Rhe8 25. Qf5 Nd5 26. Be4 Qb6 27. Rab1 Nxe3 28.
Kxe3 Qxd4+ 29. Kf3 Rf8 30. Rbd1 Rxf5+ 31. Bxf5 Qb6 32. Rxd8+ Qxd8 33. Kg4 Qd4+ 34. Kf3 Qd5+ 35. Be4 Qxg5 36. Bxh7 Qf6+ 37. Kg4 Qc3 38. bxc3 1-0

[Event "*** Titled Tuesday 3|2 Blitz"]
[Site "Chess.com"]
[Date "2016.07.05"]
[Round "5"]
[White "dretch"]
[Black "Smirnov_Pavel"]
[Result "0-1"]
[WhiteElo "2627"]
[BlackElo "2549"]
[TimeControl "180+2"]
[EndTime "12:00:07 PDT"]
[Termination "Smirnov_Pavel won by resignation"]

1. d4 d5 2. c4 e6 3. Nc3 c6 4. Nf3 Nf6 5. e3 Nbd7 6. Bd3 dxc4 7. Bxc4 b5 8. Bd3 Bb7 9. e4 b4 10. Na4 c5 11. e5 Nd5 12. Nxc5 Nxc5 13. dxc5 Bxc5 14.
O-O Rc8 15. Ng5 Be7 16. Qh5 g6 17. Qh6 Bf8 18. Qh3 Rxc1 19. Bb5+ Bc6 20. Raxc1 Bxb5 21. Nxe6 Qd7 22. Ng7+ Bxg7 23. Rc8+ Ke7 24. Qh4+ Ke6 25.
Qh3+ f5 26. Rxh8 Bxh8 27. Re1 Nf4 28. Qh4 Qd2 29. Ra1 Ne2+ 30. Kh1 Nc1 31. h3 Qe1+ 32. Kh2 Bxe5+ 33. g3 Qxf2+ 34. Kh1 Bc6+ 0-1

[Event "*** Titled Tuesday 3|2 Blitz"]
[Site "Chess.com"]
[Date "2016.07.05"]
[Round "5"]
[White "thymathgeek"]
[Black "hypert"]
[Result "0-1"]
[WhiteElo "2065"]
[BlackElo "2291"]
[TimeControl "180+2"]
[EndTime "12:00:11 PDT"]
[Termination "hypert won by resignation"]

1. d4 Nf6 2. c4 e6 3. Nf3 d5 4. Nc3 Bb4 5. Bd2 dxc4 6. e3 Bxc3 7.
Bxc3 b5 8. a4 c6 9. Ne5 Bb7 10.
Bb4 a5 11. Bc5 Na6 12. Qf3 Nxc5 13. dxc5 Qd5 14. Qxd5 Nxd5 15. axb5 cxb5 16. c6 Bc8 17. e4 Nb4 18. O-O-O f6 19. Nf3 e5 20. c7 Ke7 21.
Be2 Be6 22. Rd2 Rhc8 23. Rhd1 Rxc7 24. Kb1 a4 25. Rd6 Rc6 26. Rxc6 Nxc6 27. Ne1 Rd8 28. Rxd8 Kxd8 29. Nc2 Kc7 30. Ka2 Kb6 31. Ka3 Kc5 32.
g3 Nd4 33. Nxd4 exd4 34. f4 Bd7 35. Ka2 b4 36. Kb1 d3 37. Bf3 Kd4 38. Kc1 Bc6 39.
Bg2 Bxe4 0-1

[Event "*** Titled Tuesday 3|2 Blitz"]
[Site "Chess.com"]
[Date "2016.07.05"]
[Round "5"]
[White "Andrejkin"]
[Black "jeaston1"]
[Result "0-1"]
[WhiteElo "2146"]
[BlackElo "2156"]
[TimeControl "180+2"]
[EndTime "12:00:35 PDT"]
[Termination "jeaston1 won by resignation"]

1. e4 c5 2. Nf3 Nc6 3. d4 cxd4 4. Nxd4 Nf6 5. Nc3 e5 6. Ndb5 d6 7. Nd5 Nxd5 8. exd5 Nb8 9. c4 a6 10. Qa4 Bd7 11. Qa3 Bxb5 12. cxb5 Nd7 13. bxa6 bxa6 14. Be2 Be7 15. O-O O-O 16. f4 Qb6+ 17. Kh1 Rfe8 18. Bd3 Nf6 19. Be3 Qb7 20. fxe5 dxe5 21. d6 Bf8 22. Bf5 Rad8 23. Bc5 Nd7 24. Qh3 g6 25. Bxd7 Qxd7 26. Qh4 Bxd6 27. Bxd6 Qxd6 28. Qc4 Qe6 29. Qe4 f5 30. Qe2 e4 31. b3 Rd3 32. Rad1 Red8 33.
Rxd3 Rxd3 34. Rd1 Qd5 35. Re1 e3 36. Rg1 f4 37. b4 h5 38. a4 Qe4 39. a5 Kh7 40.
Re1 Rd2 41. Qf3 Qxf3 42. gxf3 Rb2 43. Rc1 Rxb4 44. Rc7+ Kh6 45. h4 Ra4 46. Rc8 Rxa5 47. Rh8+ Kg7 48. Re8 0-1

[Event "*** Titled Tuesday 3|2 Blitz"]
[Site "Chess.com"]
[Date "2016.07.05"]
[Round "5"]
[White "AndreyOstrovskiy"]
[Black "StoreySniper"]
[Result "1-0"]
[WhiteElo "2485"]
[BlackElo "2337"]
[TimeControl "180+2"]
[EndTime "12:00:41 PDT"]
[Termination "AndreyOstrovskiy won by resignation"]

1. e4 g6 2. d4 Bg7 3. Nc3 c5 4. d5 Bxc3+ 5. bxc3 Qa5 6. Bd2 Nf6 7. c4 Qa4 8. Bc3 O-O 9. Bd3 b5 10. e5 bxc4 11.
Bxg6 fxg6 12. exf6 exf6 13. Nf3 d6 14. O-O Bg4 15. h3 Bxf3 16. Qxf3 Nd7 17. Rfe1 Ne5 18. Qd1 Rae8 19. f4 Nd7 20. Qd2 Nb6 21. f5 Rxe1+ 22. Rxe1 Re8 23. Bxf6 c3 24. Bxc3 Nc4 25. Qf2 Rxe1+ 26.
Qxe1 gxf5 27. Qe6+ Kf8 28. Qxf5+ Ke8 29. Qe6+ Kd8 30.
Bf6+ Kc7 31. Qg8 Qd7 32. c3 Ne3 33. g4 Nd1 34. Qg5 Kb6 35. Qd2 Qf7 36. Bd8+ Ka6 37.
Qxd1 c4 38. Qf1 h5 39. Qxf7 1-0

[Event "*** Titled Tuesday 3|2 Blitz"]
[Site "Chess.com"]
[Date "2016.07.05"]
[Round "5"]
[White "Christov91"]
[Black "RobertRis"]
[Result "0-1"]
[WhiteElo "2391"]
[BlackElo "2428"]
[TimeControl "180+2"]
[EndTime "12:00:43 PDT"]
[Termination "RobertRis won by resignation"]

1. e4 c5 2. Nf3 Nc6 3. Nc3 g6 4. Bb5 Bg7 5. O-O d6 6. Re1 Bd7 7. Bxc6 Bxc6 8. e5 Bxf3 9. Qxf3 Bxe5 10. Qxb7 Nf6 11. Qc6+ Kf8 12. d3 Kg7 13. Qf3 Rb8 14. Bf4 Bxf4 15. Qxf4 Rxb2 16. d4 Rxc2 17. Ne4 Rc4 18.
dxc5 Nxe4 19. Rxe4 Rxc5 20. Rae1 e6 21. h4 h5 22. Qd2 Rd5 23. Qb2+ Qf6 24. Qb7 Rd2 25. Qxa7 d5 26. Rxe6 Qxh4 27. Re7 Rf8 28. Rd7 Qf4 29. g3 Qf6 30. a4 d4 31. Rf1 h4 32.
Qc7 h3 33. Qc1 Qf3 0-1

[Event "*** Titled Tuesday 3|2 Blitz"]
[Site "Chess.com"]
[Date "2016.07.05"]
[Round "5"]
[White "Aragon"]
[Black "Quiet_Desperation"]
[Result "1-0"]
[WhiteElo "2095"]
[BlackElo "2175"]
[TimeControl "180+2"]
[EndTime "12:00:43 PDT"]
[Termination "Aragon won by resignation"]

1. e4 Nc6 2. d4 d5 3. e5 f6 4. f4 Bf5 5. Nf3 e6 6. Bd3 Nh6 7. c3 Be7 8. Be3 Bxd3 9. Qxd3 Qd7 10. b4 O-O-O 11. a4 fxe5 12. dxe5 Nf5 13. Bf2 d4 14. b5 Na5 15. cxd4 c5 16. Qc3 b6 17. Nbd2 Kb8 18. dxc5 Bxc5 19. Bxc5 bxc5 20. Qxa5 Ne3 21. b6 Nc2+ 22. Kf2 Nxa1 23. Rxa1 g5 24. bxa7+ Ka8 25.
Qxc5 g4 26. Nc4 Qxa7 27. Nb6+ Kb7 28. Rb1 Ka6 29. Qb5+ Kb7 30. Nd4 Rxd4 31. Qc5 Rd2+ 32. Kg3 Rd3+ 33. Kh4 Ka6 34. Qb5+ Kb7 35. Qxd3 Qb8 36.
Qd7+ Ka6 37. Rb5 Qd8+ 38. Qxd8 Rxd8 39. Kxg4 Rd2 40. g3 Rxh2 41. f5 Rd2 42. f6 Rd8 43.
Kg5 Rg8+ 44. Kh6 Rxg3 45. Kxh7 Rf3 46. Kg7 Rg3+ 47. Kf7 Rf3 48. Kxe6 1-0

[Event "*** Titled Tuesday 3|2 Blitz"]
[Site "Chess.com"]
[Date "2016.07.05"]
[Round "5"]
[White "Fandorine"]
[Black "Journey_to_GrandMaster_YT"]
[Result "1-0"]
[WhiteElo "2633"]
[BlackElo "2429"]
[TimeControl "180+2"]
[EndTime "12:00:54 PDT"]
[Termination "Fandorine won by resignation"]

1. e4 d6 2. d4 Nf6 3. f3 Nbd7 4. Nc3 e5 5. Nge2 Be7 6. g4 O-O 7. Be3 c6 8. Qd2 b5 9. Ng3 exd4 10. Bxd4 b4 11. Nd1 c5 12. Bf2 Ne5 13. Bg2 Ba6 14.
Nf5 Re8 15. Nde3 Qc7 16. g5 Nh5 17. Nd5 Qd7 18. Ndxe7+ Rxe7 19. Qxd6 Qxd6 20. Nxd6 Nf4 21. Bg3 Nxg2+ 22. Kf2 Rd8 23. Rad1 f6 24. Kxg2 Red7 25.
gxf6 gxf6 26. f4 Nc4 27. e5 Ne3+ 28. Kf3 Nxd1 29. Rxd1 fxe5 30. fxe5 Bb7+ 31. Ke3 Bc6 32. Bh4 Re8 33. Bf6 Kf8 34. Kf4 Re6 35. Kf5 Re8 36.
e6 Be4+ 37. Ke5 Bxc2 38. Rf1 Bg6 39. Bg5+ Kg8 40. Nxe8 Rd2 41. Bxd2 1-0

[Event "*** Titled Tuesday 3|2 Blitz"]
[Site "Chess.com"]
[Date "2016.07.05"]
[Round "5"]
[White "viditchess"]
[Black "ChessNinja48"]
[Result "1-0"]
[WhiteElo "2533"]
[BlackElo "2319"]
[TimeControl "180+2"]
[EndTime "12:00:57 PDT"]
[Termination "viditchess won by resignation"]

1. Nf3 Nf6 2. c4 c6 3. d4 d5 4. e3 g6 5. Nc3 Bg7 6. Be2 O-O 7. O-O a6 8. Bd2 b5 9. cxd5 cxd5 10. Rc1 Bf5 11.
Ne5 Nfd7 12. Nd3 Nb6 13. Nc5 Nc6 14. b3 Qd6 15. Bd3 Bxd3 16. Nxd3 Rad8 17. Ne2 Rfe8 18.
f4 e6 19. Nc5 Ra8 20. Qc2 Ne7 21. Qd3 Nf5 22. g4 Ne7 23. Rc2 f6 24. Rfc1 e5 25.
Be1 h5 26. gxh5 e4 27. Qd1 gxh5 28. Ng3 h4 29. Nh5 Bh6 30. Bxh4 Kf7 31. Nxf6 Rg8+ 32. Kh1 Rg6 33. Qh5 Rh8 34. f5 Nxf5 35. Qxf5 Rxf6 36. Bxf6 Qxf6 37. Qxf6+ Kxf6 38. Re2 Bg5 39. Rf1+ Ke7 40.
Rf5 Bf6 41. a4 bxa4 42. bxa4 a5 43. Rb2 Nc4 44. Rb7+ 1-0

[Event "*** Titled Tuesday 3|2 Blitz"]
[Site "Chess.com"]
[Date "2016.07.05"]
[Round "5"]
[White "Grootneus"]
[Black "Usurpov"]
[Result "0-1"]
[WhiteElo "2055"]
[BlackElo "2330"]
[TimeControl "180+2"]
[EndTime "12:01:01 PDT"]
[Termination "Usurpov won by resignation"]

1. e4 c5 2. c3 e6 3. d4 d5 4. exd5 exd5 5. Nf3 Nf6 6. Bb5+ Bd7 7. Bxd7+ Nbxd7 8.
O-O Be7 9. dxc5 Nxc5 10. Be3 O-O 11. Nbd2 Re8 12. Nb3 Nce4 13. Nfd2 Qc7 14. Nxe4 dxe4 15. Qe2 Nd5 16. Bd4 Bf8 17. Rfe1 f5 18. Rad1 Nf4 19.
Qb5 Qf7 20. Re3 a6 21. Qb6 Nd5 22. Qa5 b5 23. Ree1 f4 24. Bc5 f3 25. Bxf8 Rxf8 26. g3 e3 27. Nd4 e2 28. Rd3 Qg6 29. c4 Qxd3 0-1

[Event "*** Titled Tuesday 3|2 Blitz"]
[Site "Chess.com"]
[Date "2016.07.05"]
[Round "5"]
[White "Alliswell998"]
[Black "annakantane"]
[Result "0-1"]
[WhiteElo "2167"]
[BlackElo "2289"]
[TimeControl "180+2"]
[EndTime "12:01:11 PDT"]
[Termination "annakantane won by resignation"]

1. e4 c5 2. Nc3 Nc6 3. f4 g6 4. Nf3 Bg7 5. Bb5 Nd4 6. O-O Nxb5 7. Nxb5 Qb6 8. Nc3 e6 9. d3 Ne7 10. e5 d5 11. exd6 Qxd6 12. Ne4 Qc7 13. Be3 b6 14. Kh1 Nf5 15. Bc1 Bb7 16. Qe2 O-O 17.
c3 Rad8 18. Bd2 Qd7 19. Nf2 Qd5 20. Rad1 Qxa2 21. Bc1 a5 22. Ne4 Qd5 23. Qf2 c4 24. Neg5 cxd3 25. Ne1 Ba6 26. Ngf3 Qc6 27. Nd2 Rfe8 28.
Nef3 Qc5 29. Qxc5 bxc5 30. Nb3 d2 31. Nfxd2 Bxf1 32. Rxf1 Ne3 33. Rf3 Nc4 34. Rf2 Nxd2 35. Bxd2 c4 36. Nxa5 Ra8 37. b4 cxb3 38. Nxb3 Reb8 39.
Nc1 Ra1 40. Rf1 Rc8 41. f5 0-1

[Event "*** Titled Tuesday 3|2 Blitz"]
[Site "Chess.com"]
[Date "2016.07.05"]
[Round "5"]
[White "Tonychess32"]
[Black "Alexander_Donchenko"]
[Result "0-1"]
[WhiteElo "2408"]
[BlackElo "2592"]
[TimeControl "180+2"]
[EndTime "12:01:13 PDT"]
[Termination "Alexander_Donchenko won on time"]

1. e4 c6 2. d4 d5 3. Nd2 dxe4 4. Nxe4 Bf5 5. Ng3 Bg6 6. h4 h6 7. h5 Bh7 8. Nf3 e6 9. Bd3 Bxd3 10. Qxd3 Nf6 11. Bd2 Nbd7 12. O-O-O Be7 13. Ne4 Nxe4 14. Qxe4 Nf6 15. Qe2 Qd5 16. Kb1 Qe4 17. Be3 Nd5 18. Nd2 Qh7 19. Qf3 a5 20. Ne4 a4 21. a3 Bxa3 22.
Bf4 O-O 23. Be5 Be7 24. Rd3 a3 25. bxa3 Rxa3 26. Rxa3 Bxa3 27. Rh3 Be7 28. Rg3 f6 29. Bd6 Bxd6 30. Nxd6 Rd8 31. Ne4 Qf5 32. Qxf5 exf5 33.
Nc5 Re8 34. Kb2 b6 35. Nd3 Re2 36. Kb3 Kf7 37. c4 Nc7 38. Nb4 c5 39. dxc5 bxc5 40. Nd3 Ne6 41. Kc3 f4 42. Rf3 Nd4 43. Nxf4 Re4 44.
Kd3 f5 45. Nd5 Nxf3 46. gxf3 Rd4+ 47. Kc3 Rh4 48. Nb6 Ke6 0-1

[Event "*** Titled Tuesday 3|2 Blitz"]
[Site "Chess.com"]
[Date "2016.07.05"]
[Round "5"]
[White "Ginger_GM"]
[Black "David_Klein"]
[Result "0-1"]
[WhiteElo "2494"]
[BlackElo "2420"]
[TimeControl "180+2"]
[EndTime "12:01:22 PDT"]
[Termination "David_Klein won by resignation"]

1. e4 e5 2. f4 d5 3. exd5 exf4 4.
Nf3 Nf6 5. Bc4 Nxd5 6. Nc3 c6 7.
O-O Bd6 8. Bxd5 cxd5 9. d4 Be6 10. Ne5 Bxe5 11. dxe5 Nc6 12. Bxf4 Qb6+ 13. Kh1 Qxb2 14. Nxd5 O-O-O 15. c4 Qd4 16. Qxd4 Nxd4 17. Rfd1 Nc6 18. a4 h6 19. a5 Rd7 20. a6 b6 21. Rd2 Rhd8 22.
Rad1 g5 23. Bg3 h5 24. h4 g4 25. Bf4 Na5 26. Rc2 Kb8 27. Rb1 Rc8 28. Rbc1 Nxc4 29. Rxc4 Rxc4 30. Rxc4 Rxd5 31. Kh2 Ra5 32. Rd4 Kc7 33. Bg5 Rxa6 34. Rd8 Ra2 35. Bf6 Kc6 36. Be7 a5 37. Kg3 a4 38. Rh8 Bd5 39. Rh6+ Kb5 40.
Rxh5 Rxg2+ 41. Kf4 Be6 42. Rg5 Rf2+ 43. Ke3 Rf3+ 44.
Ke4 Rh3 45. Rg8 a3 46. Ra8 a2 47. Kf4 Rh1 48. h5 a1=Q 49. Rxa1 Rxa1 50. Bh4 Rh1 51. Kg5 Bc4 0-1

[Event "*** Titled Tuesday 3|2 Blitz"]
[Site "Chess.com"]
[Date "2016.07.05"]
[Round "5"]
[White "VSERGUEI"]
[Black "TomsKantans"]
[Result "1-0"]
[WhiteElo "2492"]
[BlackElo "2424"]
[TimeControl "180+2"]
[EndTime "12:01:22 PDT"]
[Termination "VSERGUEI won on time"]

1. d4 Nf6 2. c4 g6 3. Nc3 d5 4. Nf3 Bg7 5. Bg5 Ne4 6. cxd5 Nxg5 7. Nxg5 O-O 8. h4 c6 9. dxc6 Nxc6 10. d5 Nb4 11. e4 e6 12. a3 Na6 13. Bxa6 bxa6 14.
dxe6 Bxe6 15. Qxd8 Rfxd8 16. Nxe6 fxe6 17. Ke2 Rab8 18. Rab1 Rb3 19. Rhd1 Ra8 20. Na4 Rab8 21. Rd2 Rxa3 22.
bxa3 Rxb1 23. Nc5 Bf8 24. Nxe6 Bxa3 25. Rd7 Rb6 26. Nf4 Bd6 27. Nd5 Rb2+ 28. Kd3 Bc5 29. Nf6+ Kf8 30. Nxh7+ Ke8 31. Nf6+ Kf8 32. f4 a5 33. e5 a4 34. Kc4 Rc2+ 35. Kd5 Be7 36. Rxa7 a3 37. g4 a2 38. h5 gxh5 39. g5 h4 40. g6 h3 41. Ke6 Rc6+ 42. Kf5 Bxf6 43. exf6 1-0

[Event "*** Titled Tuesday 3|2 Blitz"]
[Site "Chess.com"]
[Date "2016.07.05"]
[Round "5"]
[White "LaStreetCmaMaison"]
[Black "Hikaru"]
[Result "0-1"]
[WhiteElo "2434"]
[BlackElo "2997"]
[TimeControl "180+2"]
[EndTime "12:01:28 PDT"]
[Termination "Hikaru won by resignation"]

1. Nf3 Nf6 2. g3 d5 3. Bg2 e6 4. O-O Be7 5. d3 b6 6. Nbd2 Bb7 7. e4 c5 8. e5 Nfd7 9. Re1 g5 10. h3 h5 11. Nf1 Nc6 12. c3 g4 13. hxg4 hxg4 14.
N3h2 Ndxe5 15. d4 Nf3+ 16. Nxf3 gxf3 17. Qxf3 cxd4 18. cxd4 Nxd4 19. Qd3 Nc6 20. Bf4 Kf8 21.
Rac1 Bf6 22. Qa3+ Kg8 23. Ne3 Rc8 24. Rcd1 Qf8 25. Bd6 Qg7 26. b4 a6 27. Qb3 Nd4 28. Qb1 Nb5 29. Bf4 Nc3 30. Qd3 Nxd1 31. Qxd1 Bg5 32.
Bd6 Rd8 33. Bc7 Rd7 34. Bxb6 Bxe3 35. Bxe3 e5 36. Qa4 f6 37. Rd1 Qf7 38. Bc5 d4 39. Bxb7 Rxb7 40. Qc6 Rd7 41. Qf3 Qd5 42. Qg4+ Kf7 43.
f3 Qe6 44. Qe4 Qxa2 45. Kf1 0-1

[Event "*** Titled Tuesday 3|2 Blitz"]
[Site "Chess.com"]
[Date "2016.07.05"]
[Round "5"]
[White "Schemato"]
[Black "rikyshi"]
[Result "1-0"]
[WhiteElo "2211"]
[BlackElo "2120"]
[TimeControl "180+2"]
[EndTime "12:01:32 PDT"]
[Termination "Schemato won by checkmate"]

1. c4 c5 2. g3 Nf6 3. Bg2 e5 4. Nc3 d6 5. Nf3 Nc6 6. O-O g6 7. a3 Bg7 8. b4 cxb4 9. axb4 Nxb4 10. Ba3 Nc6 11. Nb5 O-O 12. Nxd6 e4 13. Ng5 Ne8 14. Ndxe4 Bxa1 15. Bxf8 Bf6 16. Nxf6+ Qxf6 17. Bh6 Nd6 18. d3 a5 19. Qa4 Bd7 20. Rb1 Ne5 21. Qa1 Bc6 22.
Bxc6 bxc6 23. c5 Nb5 24. Ne4 Qe6 25. f4 f6 26. fxe5 fxe5 27. Be3 a4 28. Rb2 a3 29. Qa2 Qd5 30. Rb3 Kg7 31. Kg2 Ra4 32.
Bd2 Nd4 33. Rb7+ Kf8 34. Bh6+ Ke8 35. Qxd5 cxd5 36. Nd6+ Kd8 37. Bg5# 1-0

[Event "*** Titled Tuesday 3|2 Blitz"]
[Site "Chess.com"]
[Date "2016.07.05"]
[Round "5"]
[White "daro94"]
[Black "Mornar1951"]
[Result "1-0"]
[WhiteElo "2637"]
[BlackElo "2503"]
[TimeControl "180+2"]
[EndTime "12:01:34 PDT"]
[Termination "daro94 won by checkmate"]

1. d4 d5 2. c4 e6 3. Nf3 Nf6 4. e3 Be7 5. b3 O-O 6. Bb2 c5 7. cxd5 Nxd5 8. dxc5 Bxc5 9. Bc4 Bb4+ 10. Nbd2 b6 11.
O-O Bb7 12. Rc1 Nd7 13. Qe2 Qe7 14. Ba6 Bxa6 15. Qxa6 Nc5 16. Qe2 Bxd2 17. Nxd2 Nb4 18. Rc4 a5 19. Ne4 Nxe4 20. Rxe4 Rac8 21. Rc4 Rxc4 22.
Qxc4 Rd8 23. a3 Nd3 24. Bd4 Nc5 25. b4 axb4 26. axb4 Nd7 27. Qc7 Qe8 28. Rc1 Rb8 29.
Rc6 e5 30. Bc3 f6 31. h3 Qd8 32. Qd6 Nf8 33. b5 Qxd6 34. Rxd6 Kf7 35. Bb4 Rb7 36. g4 Ne6 37. Kg2 Nc5 38. Rc6 Ne6 39. h4 Nc7 40.
Kf3 Nxb5 41. Ke4 Na7 42. Rc1 Ke6 43. f4 exf4 44. exf4 Nb5 45. f5+ Kf7 46. Rc8 Rd7 47. Rf8# 1-0

[Event "*** Titled Tuesday 3|2 Blitz"]
[Site "Chess.com"]
[Date "2016.07.05"]
[Round "5"]
[White "platy3"]
[Black "Keaton87"]
[Result "1/2-1/2"]
[WhiteElo "2680"]
[BlackElo "2504"]
[TimeControl "180+2"]
[EndTime "12:02:11 PDT"]
[Termination "Game drawn by agreement"]

1. e4 c5 2. Nf3 d6 3. d4 Nf6 4. Nc3 cxd4 5. Nxd4 g6 6. Be2 Bg7 7. Be3 O-O 8. Qd2 Nc6 9. O-O-O Nxd4 10. Bxd4 Be6 11. h4 Qa5 12. Qg5 b5 13. Qxb5 Qc7 14.
e5 Ne8 15. exd6 Nxd6 16. Qc5 Qxc5 17. Bxc5 Bxc3 18. bxc3 Ne4 19. Bd4 Rac8 20. Rd3 Bxa2 21. Re3 Bd5 22. Rf1 f6 23. Bf3 e5 24. Bxe4 Bxe4 25.
Rxe4 exd4 26. cxd4 Rc4 27. Kd2 f5 28. Rf4 a5 29. g4 Rfc8 30. Rc1 fxg4 31. Rxg4 a4 32. c3 a3 33. Rg5 Ra4 34. Ra1 a2 35. h5 Kf7 36. hxg6+ hxg6 37. Rb5 Ra3 38. Rc5 Rxc5 39. dxc5 Ke6 40. Kc2 Ra4 41. Kb3 Rf4 42. Rxa2 Kd5 43.
Re2 Kxc5 44. Ra2 g5 45. Rd2 g4 46. Re2 Rf3 47. Re5+ Kd6 48. Rg5 Rxf2 49. Rxg4 Kc5 50. Rg5+ Kc6 51. Kb4 Rf4+ 52. c4 Rf6 53. Rg8 Rf5 54. Rg7 Rh5 55. Rg6+ Kc7 56. Ra6 Rg5 57. Rf6 Rh5 58. c5 Rh1 1/2-1/2